 Seeded DCSS version 0.30-b1-5-g8e6c1be481 (webtiles) character file.

Game seed: 1 (custom seed)

3448 Kazon the Poker (level 9, -3/67 HPs)
             Began as a Demonspawn Gladiator on May 4, 2023.
             Was a Follower of Makhleb.
             Slain by a sixfirhy (10 damage)
             ... summoned by a kobold demonologist
             ... in a bailey.
             The game lasted 00:46:05 (6362 turns).

Kazon the Poker (Demonspawn Gladiator)              Turns: 6362, Time: 00:46:06

Health: -3/67      AC: 19    Str: 15    XL:     9   Next: 77%
Magic:  23/23      EV:  6    Int: 17    God:    Makhleb [*.....]
Gold:   537        SH:  0    Dex: 14    Spells: 10/14 levels left

rFire   + . .        s - +6 spear "Guvuemar" {flame, rC+ MP+9 Int+5}
rCold   + + .        (no shield)
rNeg    . . .        U - +0 gold dragon scales
rPois   +            P - +0 helmet
rElec   .            S - +1 cloak
rCorr   +            (no gloves)
SInv    .            (no boots)
Will    .....        I - amulet of regeneration Stlth
                     o - ring of wizardry
HPRegen 1.11/turn    H - ring of resist corrosion
MPRegen 0.18/turn

%: wizardry (x1)
@: agile, very slightly contaminated
A: hooves 1, powered by pain 1, sharp scales 2, demonic magic 1, weak 1
a: Renounce Religion


You were in a bailey.
You worshipped Makhleb.
Makhleb was aware of your devotion.
You visited 2 branches of the dungeon, and saw 9 of its levels.
You also visited: Ossuary and Bailey.

You collected 656 gold pieces.
You spent 119 gold pieces at shops.

Inventory:

Hand Weapons
 a - a +4 spear
 e - the +0 dagger "Esten" {freeze, rN+ Will+ Int+5}
   (You found it on level 4 of the Dungeon)

   Int:       It affects your intelligence (+5).
   rN:        It protects you from negative energy.
   Will:      It increases your willpower.
 s - the +6 spear "Guvuemar" (weapon) {flame, rC+ MP+9 Int+5}
   (You found it on level 6 of the Dungeon)

   Int:       It affects your intelligence (+5).
   rC:        It protects you from cold.
   MP:        It affects your magic capacity (+9).
 v - a +2 dagger of venom
Missiles
 d - 2 throwing nets
 f - 2 stones
 m - a boomerang
 n - a javelin
 D - 12 poisoned darts
Armour
 y - the +1 leather armour of Unyg {Str+3}
   (You bought it in a shop on level 3 of the Dungeon)

   Str:       It affects your strength (+3).
 z - a +0 hat
 P - a +0 helmet (worn)
 S - a +1 cloak (worn)
 U - +0 gold dragon scales (worn)
Magical Staves
 F - a staff of air
Jewellery
 o - a ring of wizardry (left hand)
 H - a ring of resist corrosion (right hand)
 I - an amulet of regeneration (around neck)
 J - an amulet of guardian spirit
Wands
 K - a wand of polymorph (10)
 M - a wand of roots (7)
 N - a wand of digging (7)
 Q - a wand of acid (8)
Scrolls
 g - a scroll of silence {unknown}
 h - 2 scrolls of magic mapping {unknown}
 i - a scroll of identify
 l - 2 scrolls of vulnerability {unknown}
 q - 3 scrolls of blinking
 t - 2 scrolls of fear {unknown}
 x - 2 scrolls of immolation {unknown}
 A - 2 scrolls of enchant weapon {unknown}
 C - a scroll of fog
 E - a scroll of teleportation {unknown}
 O - 2 scrolls of poison {unknown}
 T - 2 scrolls of noise {unknown}
Potions
 b - 2 potions of lignification
 c - a potion of invisibility
 j - 2 potions of degeneration
 k - a potion of ambrosia
 p - 3 potions of haste
 r - 4 potions of heal wounds
 u - 3 potions of mutation
 w - 9 potions of curing
 B - 2 potions of flight
 G - 2 potions of brilliance {unknown}
 L - a potion of might
 R - 2 potions of magic


   Skills:
 + Level 4.8 Fighting
 + Level 4.1 Short Blades
 + Level 5.7 Polearms
 + Level 4.2 Throwing
 + Level 3.8 Armour
 + Level 4.3 Dodging
 + Level 2.4 Stealth
 + Level 3.4 Spellcasting
 + Level 4.2 Hexes
 * Level 3.1 Invocations
 * Level 3.9 Evocations


You had 10 spell levels left.
You knew the following spells:

 Your Spells              Type           Power      Damage    Failure   Level
a - Slow                  Hex            68%        N/A       100%        1
b - Vampiric Draining     Necr           2%         2d6       100%        3

Your spell library contained the following spells:

 Spells                   Type           Power      Damage    Failure   Level
 Confusing Touch          Hex            17%        N/A       100%        3
 Dazzling Flash           Conj/Hex       20%        N/A       100%        3
 Volatile Blastmotes      Fire/Tloc      4%         2d10      100%        3
 Anguish                  Hex/Necr       5%         N/A       100%        4
 Cause Fear               Hex            8%         N/A       100%        4
 Iskenderun's Mystic Bla  Conj/Tloc      2%         2d3       100%        4
 Summon Lightning Spire   Summ/Air       2%         N/A       100%        4
 Starburst                Conj/Fire      1%         6d3       100%        6
 Enfeeble                 Hex            8%         N/A       100%        7
 Storm Form               Tmut/Air       1%         N/A       100%        7
 Maxwell's Capacitive Co  Air            1%         ∞         100%        8


Dungeon Overview and Level Annotations

Branches:
Dungeon (8/15)             Temple (1/1) D:7         Ossuary (visited)
 Bailey (1/1)
   Lair: D:8-11

Altars:
Ashenzari
Cheibriados
Dithmenos
Fedhas
Gozag
Hepliaklqana
Kikubaaqudgha
Makhleb
Nemelex Xobeh
Okawaru
Qazlal
Ru
Uskayaw
Vehumet
Wu Jian
Xom
Yredelemnul

Shops:
D:3 [

Annotations:
D:7 4 runed translucent doors, Crazy Yiuf; Esekla's ghost, novice OpDe


Innate Abilities, Weirdness & Mutations

You have large cloven feet.
You sometimes gain a little power by taking damage.
You are mostly covered in razor-sharp scales. (AC +2, Slay +2)
Spells you cast may paralyse adjacent enemies.
You are weak. (Str -2)


Message History

Blink to where?
Press: ? - help, Dir - move target
As you read the scroll labelled ZIN YGAIGIO, it crumbles to dust.
It was a scroll of blinking.
The iron imp hits you.
* * * LOW HITPOINT WARNING * * *
The kobold demonologist hits you but does no damage.
You closely miss the kobold demonologist.
The iron imp completely misses you.
The kobold demonologist hits you but does no damage.
You hit the kobold demonologist. You burn the kobold demonologist.
Your kick misses the kobold demonologist.
The kobold demonologist is lightly wounded.
The white imp disappears for a moment.
The kobold demonologist hits you but does no damage.
You hit the kobold demonologist but do no damage.
You kick the kobold demonologist, but do no damage.
The kobold demonologist is lightly wounded.
The sixfirhy hits you!
* * * LOW HITPOINT WARNING * * *
The sixfirhy shocks you!
* * * LOW HITPOINT WARNING * * *
The sixfirhy hits you but does no damage.
You feel much better. The sixfirhy hits you. The sixfirhy shocks you!
* * * LOW HITPOINT WARNING * * *
You focus on the pain.
You feel agile all of a sudden.
The kobold demonologist hits you but does no damage.
You hit the kobold demonologist but do no damage.
The kobold demonologist is lightly wounded.
The kobold demonologist hits you but does no damage.
You hit the kobold demonologist. You burn the kobold demonologist.
The kobold demonologist is moderately wounded.
The kobold demonologist hits you but does no damage.
You hit the kobold demonologist but do no damage.
You kick the kobold demonologist.
The kobold demonologist is moderately wounded.
The sixfirhy hits you.
* * * LOW HITPOINT WARNING * * *
The sixfirhy shocks you!
You die...

## +...
###..
....
...
#'##
#..#
#.@#
#3K#
#53#
#55#
##'#
#..#
#.8#
#..#
#.8####


You could see a sun demon (summoned), a kobold demonologist, a sixfirhy
(summoned), an iron imp (summoned), a white imp (summoned) and a shadow imp
(summoned).

Vanquished Creatures
  A troll (D:7)
  A hornet (D:7)
  Grinder (D:6)
  Eustachio (D:6)
  An ice beast (D:3)
  5 orc warriors
  A black bear (D:4)
  A centaur (D:6)
  A kobold brigand (D:7)
  3 scorpions
  8 wights
  6 killer bees (D:8)
  A howler monkey (D:7)
  2 electric eels (Bailey)
  6 hounds
  3 jellies
  2 sleepcaps (D:6)
  3 orc wizards
  8 mummies (Ossuary)
  17 adders
  13 gnolls
  A shadow imp (D:6)
  2 dart slugs
  9 orcs
  4 endoplasms
  3 giant cockroaches
  A gnoll zombie (Ossuary)
  10 goblins
  11 hobgoblins
  4 quokkas
  11 ball pythons
  7 bats
  2 frilled lizards (D:1)
  A hobgoblin zombie (Ossuary)
  10 kobolds
  4 kobold zombies (Ossuary)
  2 orc zombies (Ossuary)
  7 rats
174 creatures vanquished.

Vanquished Creatures (others)
  12 plants (D:3)
12 creatures vanquished.

Grand Total: 186 creatures vanquished

Notes
Turn   | Place    | Note
-------+----------+-------------------------------------------
     0 | D:1      | Kazon the Demonspawn Gladiator began the quest for the Orb.
     0 | D:1      | Reached XP level 1. HP: 16/16 MP: 1/1
   111 | D:1      | Found a faded altar of an unknown god.
   242 | D:1      | Gained mutation: You have large cloven feet. [demonic
                  | ancestry]
   242 | D:1      | Reached XP level 2. HP: 13/22 MP: 2/2
   293 | D:1      | Reached skill level 3 in Polearms
   894 | D:2      | Gained mutation: Spells you cast may paralyse adjacent
                  | enemies. [demonic ancestry]
   894 | D:2      | Reached XP level 3. HP: 27/27 MP: 3/3
   919 | D:2      | Learned a level 1 spell: Slow
  1136 | D:2      | Gained mutation: You are partially covered in razor-sharp
                  | scales. (AC +1, Slay +1) [demonic ancestry]
  1136 | D:2      | Reached XP level 4. HP: 32/33 MP: 0/4
  1143 | D:2      | Reached skill level 1 in Armour
  1543 | D:3      | Found Pazuischa's Antique Armour Shoppe.
  1688 | D:3      | Bought a dazzling leather armour for 119 gold pieces
  1688 | D:3      | Identified the +1 leather armour of Unyg {Str+3} (You
                  | bought it in a shop on level 3 of the Dungeon)
  1810 | D:3      | Reached skill level 1 in Hexes
  1814 | D:3      | Reached skill level 1 in Short Blades
  2047 | D:3      | Noticed an ice beast
  2072 | D:3      | Killed an ice beast
  2073 | D:3      | Reached XP level 5. HP: 4/39 MP: 5/5
  2467 | D:4      | Gained mutation: You are mostly covered in razor-sharp
                  | scales. (AC +2, Slay +2) [demonic ancestry]
  2467 | D:4      | Reached XP level 6. HP: 36/46 MP: 6/6
  2678 | D:4      | Found a hazy altar of Hepliaklqana.
  2781 | D:4      | Reached skill level 4 in Polearms
  3041 | D:4      | Identified the +0 dagger "Esten" {freeze, rN+ Will+ Int+5}
  3174 | D:5      | Entered Level 5 of the Dungeon
  3197 | D:5      | Gained mutation: You sometimes gain a little power by
                  | taking damage. [demonic ancestry]
  3197 | D:5      | Reached XP level 7. HP: 51/51 MP: 6/8
  3579 | D:5      | Reached skill level 1 in Spellcasting
  4142 | D:6      | Noticed Grinder
  4149 | D:6      | Paralysed by Grinder for 5 turns
  4160 | D:6      | Killed Grinder
  4161 | D:6      | Reached skill level 1 in Stealth
  4400 | D:6      | Reached XP level 8. HP: 44/58 MP: 10/10
  4425 | D:6      | Noticed Eustachio
  4494 | D:6      | Killed Eustachio
  4495 | D:6      | Reached skill level 1 in Evocations
  4632 | D:6      | Identified the +6 spear "Guvuemar" {flame, rC+ MP+9 Int+5}
  4944 | D:7      | Noticed a hornet
  4952 | D:7      | Killed a hornet
  4961 | D:7      | Found a sand-covered staircase.
  4970 | Ossuary  | Entered an ossuary
  5017 | Ossuary  | Learned a level 3 spell: Vampiric Draining
  5235 | D:7      | Noticed a troll
  5271 | D:7      | Killed a troll
  5275 | D:7      | Reached XP level 9. HP: 22/64 MP: 13/13
  5345 | D:7      | Reached skill level 5 in Polearms
  5425 | D:7      | Found a runed translucent door.
  5426 | D:7      | Noticed Crazy Yiuf
  5685 | D:7      | Found a staircase to the Ecumenical Temple.
  5694 | Temple   | Entered the Ecumenical Temple
  5732 | Temple   | Became a worshipper of Makhleb the Destroyer
  5811 | D:7      | Found a runed translucent gate.
  5811 | D:7      | Found a runed translucent gate.
  5811 | D:7      | Found a runed translucent gate.
  5812 | D:7      | Noticed Esekla's ghost (novice OpDe)
  5930 | D:7      | Found a hide-covered altar of Uskayaw.
  6047 | D:8      | Reached skill level 1 in Invocations
  6130 | D:8      | Found a flagged portal.
  6137 | Bailey   | Entered a bailey
  6246 | Bailey   | Reached * piety under Makhleb
  6302 | Bailey   | Gained mutation: You are weak. (Str -2) [mutagenic glow]
  6342 | Bailey   | Noticed a kobold demonologist
  6350 | Bailey   | Noticed a sun demon
  6351 | Bailey   | Noticed a sixfirhy
  6358 | Bailey   | HP: 1/67 [sixfirhy[a kobold demonologist] (10)]
  6362 | Bailey   | Slain by a sixfirhy

Illustrated notes

Levels and vault maps discovered:
D:1:      dpeg_arrival_snail, layout_loops_ring, nicolae_ecumenical_lake_church,
          amethyst_killhole
D:2:      layout_rooms, st_stairs_9
D:3:      layout_rooms, serial_shops, shop, serial_bayou_pond_c,
          kennysheep_generic_room_14
D:4:      black_bear_nest_1, layout_rooms, lemuel_doored_altar,
          kennysheep_donut, minmay_snake_closets
D:5:      layout_basic
D:6:      layout_basic, st_stairs_10, uniq_eustachio, uniq_grinder
D:7:      layout_gridville, nicolae_uskayaw_dance_studio, elyvilon_altar_3,
          lemuel_temple_firewalk_b, enter_ossuary_2,
          gammafunk_ghost_nasty_kobolds, uniq_crazy_yiuf_cottage
D:8:      layout_loops_corners, enter_bailey_2, uniq_prince_ribbit1,
          uniq_amaemon
Temple:   nicolae_temple_bog_church
Bailey:   bailey_axe_of_yendor_kennysheep, bailey

Skill      XL: |  1  2  3  4  5  6  7  8  9 |
---------------+----------------------------+-----
Dodging        | 3 4 |  4.3
Polearms       | 3 4 5 |  5.7
Throwing       | 2 3 4 |  4.2
Armour         | 1 2 3 |  3.8
Hexes          | 1 2 3 4 |  4.2
Short Blades   | 1 3 4 |  4.1
Spellcasting   | 1 2 3 |  3.4
Fighting       | 3 4 |  4.8
Stealth        | 1 2 |  2.4
Evocations     | 2 3 |  3.9
Invocations    | 3 |  3.1

Action                     |  1- 3 |  4- 6 |  7- 9 || total
---------------------------+-------+-------+-------++-------
  Melee: Trident           |    25 |       |       ||    25
         Dagger            |    79 |    72 |   109 ||   260
         Kick              |    18 |    24 |    94 ||   136
         Spear             |       |    66 |   218 ||   284
         Punch             |       |     1 |     2 ||     3
  Throw: Stone             |    17 |       |    12 ||    29
         Dart              |     5 |     7 |    11 ||    23
         Boomerang         |       |    18 |    18 ||    36
         Throwing net      |       |       |     2 ||     2
   Cast: Slow              |     5 |     9 |    29 ||    43
  Evoke: Wand              |       |       |     2 ||     2
    Use: Scroll            |       |     4 |     9 ||    13
         Potion            |       |       |     3 ||     3
   Stab: Held in net/web   |       |       |     2 ||     2
         Sleeping          |       |       |     2 ||     2
 Armour: Leather armour    |    23 |    32 |    26 ||    81
         Gold dragon scale |       |       |    94 ||    94
  Dodge: Dodged            |    59 |    86 |    74 ||   219
